 Dungeon Crawl Stone Soup version 0.31.0-12-g77e489cdc1 (webtiles) character file.

Game seed: 11624914270574111798

198 haggar2001 the Poker (level 5, -1/48 HPs)
             Began as a Minotaur Berserker on Feb 27, 2024.
             Was a Believer of Trog.
             Killed from afar by an orc wizard (6 damage)
             ... with a puff of flame
             ... on level 4 of the Dungeon on Feb 29, 2024.
             The game lasted 00:13:05 (2258 turns).

haggar2001 the Poker (Minotaur Berserker)           Turns: 2258, Time: 00:13:06

Health: -1/48      AC:  5    Str: 22    XL:     5   Next: 47%
Magic:  4/4        EV: 13    Int:  4    God:    Trog [**....]
Gold:   59         SH:  0    Dex: 11    Spells: 4/4 levels left

rFire   . . .        a - +0 spear (heavy)
rCold   . . .        (no shield)
rNeg    . . .        b - +0 animal skin
rPois   .            (helmet restricted)
rElec   .            (no cloak)
rCorr   .            f - +2 pair of gloves
SInv    .            (no boots)
Will    .....        (no amulet)
Stlth   +            (no ring)
HPRegen 0.28/turn    (no ring)
MPRegen 0.09/turn

%: no passive effects
@: no status effects
A: horns 2, retaliatory headbutt
a: Renounce Religion, Berserk, Trog's Hand


You were on level 4 of the Dungeon.
You worshipped Trog.
Trog was pleased with you.
You visited 1 branch of the dungeon, and saw 4 of its levels.

You collected 59 gold pieces.

Inventory:

Hand Weapons
 a - a +0 heavy spear (weapon)
Missiles
 i - a throwing net (quivered)
Armour
 b - a +0 animal skin (worn)
 f - a +2 pair of gloves (worn)
Wands
 c - a wand of iceblast (9)
 e - a wand of flame (16)
Potions
 d - a potion of berserk rage {unknown}
 g - a potion of degeneration {unknown}
 h - a potion of heal wounds {unknown}
 j - 2 potions of curing


   Skills:
 + Level 5.0 Fighting
 + Level 5.3 Polearms
 + Level 2.9 Armour
 + Level 3.7 Dodging
 + Level 0.5 Stealth


You had 4 spell levels left.
You didn't know any spells.
Your spell library was empty.

Dungeon Overview and Level Annotations

Branches:
Dungeon (4/15)
 Temple: D:4-7

Altars:

Shops:
D:1 (


Innate Abilities, Weirdness & Mutations

You have a pair of horns on your head.
You reflexively headbutt those who attack you in melee.


Message History

You are confused.
The orc priest invokes the aid of Beogh against you.
Pain shoots through your body!
The orc priest looks satisfied for a moment.
You see here 9 gold pieces.
You're too confused to move!
The orc priest miscasts a cantrip.
The orc misses you.
You see here 9 gold pieces.
The orc wizard barely misses you.
The orc wizard gestures at you while chanting.
The magic dart hits you. The orc hits you with a +0 short sword.
You're too confused to move!
You feel less confused. The orc wizard closely misses you.
The orc wizard casts a spell at you. The puff of flame hits you!
The orc barely misses you.
The orc priest begins to cast a cantrip, but forgets the words!
You closely miss the orc wizard. The orc wizard closely misses you.
The orc misses you. You furiously retaliate!
You headbutt the orc!
You kill the orc!
Trog accepts your kill.
The orc wizard hits you with a +0 dagger.
The orc misses you.
The orc priest hits you with a +0 flail.
You barely miss the orc priest. Your headbutt misses the orc priest.
The orc wizard hits you with a +0 dagger.
The orc hits you with a +0 short sword.
* * * LOW HITPOINT WARNING * * *
The orc wizard hits you but does no damage.
The orc priest hits you but does no damage.
You closely miss the orc priest. You punch the orc priest.
The orc priest is moderately wounded.
The orc wizard points at you and mumbles some strange words.
The magic dart hits you!
* * * LOW HITPOINT WARNING * * *
The orc hits you but does no damage. The orc wizard casts a spell at you.
The puff of flame hits you.
You die...

#.# ########## #.#
#........# ###'####
#........# #......#
#........# #......#
#.....?..# #......#
#........# #......#
#.....ooo#####......#
#.....)@o'.......####
#......$.#########
#........+ #........#
..........
#####.#.... #....!.#
.......# .........


You could see an orc priest, 2 orc wizards and an orc.

Vanquished Creatures
  A hound (D:4)
  A jelly (D:4)
  Ijyb (D:3)
  Terence (D:3)
  3 adders
  A dart slug (D:1)
  A ribbon worm (D:3)
  2 orcs
  5 ball pythons
  5 endoplasms
  5 goblins
  5 hobgoblins
  8 jackals (D:2)
  4 kobolds
  2 quokkas
  4 bats
  A frilled lizard (D:1)
  6 rats
56 creatures vanquished.

Notes
Turn   | Place    | Note
-------+----------+-------------------------------------------
     0 | D:1      | haggar2001 the Minotaur Berserker began the quest for the
                  | Orb.
     0 | D:1      | Reached XP level 1. HP: 19/19 MP: 0/0
    51 | D:1      | Found Laadig's Weapon Emporium.
   299 | D:1      | Reached XP level 2. HP: 27/27 MP: 1/1
   938 | D:2      | Reached XP level 3. HP: 24/33 MP: 2/2
   991 | D:2      | Reached ** piety under Trog
  1507 | D:3      | Noticed Ijyb
  1519 | D:3      | Killed Ijyb
  1520 | D:3      | Reached XP level 4. HP: 30/41 MP: 3/3
  1537 | D:3      | Noticed Terence
  1551 | D:3      | Killed Terence
  1552 | D:3      | Reached skill level 5 in Polearms
  2002 | D:4      | Reached XP level 5. HP: 42/47 MP: 4/4
  2055 | D:4      | Reached skill level 5 in Fighting
  2258 | D:4      | Killed from afar by an orc wizard

Illustrated notes

Levels and vault maps discovered:
D:1:      roderic_crop_circles_arrival_small, layout_basic, serial_shops,
          nicolae_shop_peninsula, hangedman_decor_push, minmay_domino_2
D:2:      layout_basic, hellmonk_ecumenical_altar_pennies_from_heaven,
          grunt_ministairs_15, guppyfry_early_orc_mine
D:3:      layout_loops_corners, uniq_robin, uniq_terence, uniq_ijyb
D:4:      layout_basic

Skill      XL: |  1  2  3  4  5 |
---------------+----------------+-----
Fighting       | 4 5 |  5.0
Polearms       | 4 5 |  5.3
Dodging        | 3 |  3.7
Armour         | |  2.9
Stealth        | |  0.5

Action                     |  1- 3 |  4- 6 || total
---------------------------+-------+-------++-------
  Melee: Spear             |    94 |    35 ||   129
         Headbutt          |    13 |     5 ||    18
         Punch             |     2 |     1 ||     3
    Use: Scroll            |     8 |     4 ||    12
         Potion            |     6 |     1 ||     7
   Stab: Sleeping          |     1 |     1 ||     2
 Armour: Animal skin       |    48 |    33 ||    81
  Dodge: Dodged            |    65 |    27 ||    92
